 Dungeon Crawl Stone Soup version 0.15.0-27-gbdb0435 (console) character file.

10762 gw the Basher (level 11, -6/100 HPs)
             Began as a Deep Dwarf Death Knight on Sept 11, 2014.
             Was a High Priest of Yredelemnul.
             Hit by a large rock thrown by a cyclops (11 damage)
             ... on Level 10 of the Dungeon.
             The game lasted 00:10:19 (8397 turns).

gw the Basher (Deep Dwarf Death Knight)             Turns: 8397, Time: 00:10:19

HP  -6/100       AC 18     Str 17      XL: 11   Next: 40%
MP   0/0         EV  5     Int 12      God: Yredelemnul [*****.]
Gold 0           SH  0     Dex 11 (15) Spells:  0 memorised, 10 levels left

rFire  . . .     SeeInvis .     a - +4 flail
rCold  . . .     Clarity  +     e - +0 plate armour
rNeg   . . .     rCorr    .     (no shield)
rPois  .         rRot     .     h - +1 helmet
rElec  .         Spirit   .     (no cloak)
SustAb .         Warding  .     (no gloves)
rMut   .         Stasis   .     (no boots)
Gourm  .                        y - amulet of clarity
MR     +....                    (no ring)
                                f - +2 ring of protection

@: non-regenerating, somewhat resistant to hostile enchantments, extremely
unstealthy
A: damage resistance, recharge devices, hooves 1, sense surroundings 2, slow
healing 3
a: Device Recharging, Animate Dead, Recall Undead Slaves, Injury Mirror, Drain
Life, Enslave Soul, Renounce Religion


You were on level 10 of the Dungeon.
You worshipped Yredelemnul.
Yredelemnul was extremely pleased with you.
You were not hungry.

You visited 1 branch of the dungeon, and saw 10 of its levels.

Inventory:

Hand weapons
 a - a +4 flail (weapon)
 b - a +0 hand crossbow
Missiles
 m - 68 bolts
 q - 17 bolts of flame
 w - 6 poisoned bolts
Armour
 e - a +0 plate armour (worn)
 h - a +1 helmet (worn)
Magical devices
 c - a wand of heal wounds (0)
 j - a wand of confusion (16)
 n - a wand of enslavement (2)
 r - a wand of flame (23)
Comestibles
 d - 7 bread rations
 i - 2 beef jerkies
 l - 4 meat rations
 o - 13 fruits
 p - 14 royal jellies
Scrolls
 g - a scroll of remove curse
 t - 4 scrolls of identify
Jewellery
 f - a +2 ring of protection (left hand)
 y - an amulet of clarity (around neck)
Potions
 s - a potion of brilliance
 x - a potion of curing


   Skills:
 + Level 7.5 Fighting
 * Level 11.1 Maces & Flails
 + Level 5.9 Crossbows
 + Level 8.5 Armour
 - Level 1.1 Dodging
 + Level 10.4 Invocations


You had 10 spell levels left.
You didn't know any spells.

Dungeon Overview and Level Annotations

Branches:
Dungeon (10/15)            Temple (0/1) D:7            Lair (0/8) D:8
    Orc: D:9-12

Altars:
Cheibriados
Dithmenos
Kikubaaqudgha
Okawaru
Trog
Vehumet
Xom
The Shining One

Shops:
D:10 }:

Annotations:
D:3 exclusion: downstairs


Innate Abilities, Weirdness & Mutations

You are resistant to damage.
You can recharge devices by infusing magical energy.
You passively map the area around you.
You do not heal naturally.
You have large cloven feet.


Message History

ATTACK MOVE TO (1,-1)
You sock something! You kick something. Something completely misses you.
ATTACK MOVE TO (1,-1)
Something hits you but does no damage. x2
Items here: %%% ( 2 bolts; a rotting sheep corpse {inedible}; a rotting sheep corpse {inedible} a rotting sheep corpse {inedible} ATTACK MOVE TO (1,-1)
Something hits you.
Things that are here:
a hand axe; a bolt ATTACK MOVE TO (1,-1)
Something hits you.
ATTACK MOVE TO (1,-1)
Something hits you but does no damage.
ATTACK MOVE TO (1,-1)
Something hits you but does no damage.
The cyclops throws a large rock.
The large rock hits you!
You die...
Your body rises from the dead as a mindless zombie.

#...# #.#
#...########.#
#............###
#.........).....
#....>..####'###
#...C...#.......
#.......#.......
########....!..#.......
#.()..g........#.......
#.%............#......<
#####..$.......#....###
#....#####.######..
#....# #%........
#....# #.........
#....# #.........
#....# #.........
#....# #....:....


You could see a cyclops.

Table legend:
 A = Turns spent in this place as a percentage of turns spent in the entire game.
 B = Non-inter-level travel turns spent in this place as a percentage of non-inter-level travel turns spent in the entire game.
 C = Inter-level travel turns spent in this place as a percentage of turns spent in this place.
 D = Turns resting spent in this place as a percentage of non-inter-level travel turns spent in this place.
 E = Turns spent auto-exploring this place as a percentage of non-inter-level travel turns spent in this place.
 F = Non-inter-level travel turns spent in this place divided by the number of levels of this place that you've seen.
                   A       B       C       D       E      F
               +-------+-------+-------+-------+-------+----------------------
         Total | 100.0 | 100.0 |   2.3 |   0.1 |   7.4 | 563.0
       Dungeon | 100.0 | 100.0 |   2.3 |   0.1 |   7.4 | 563.0
               +-------+-------+-------+-------+-------+----------------------

Table legend:
 A = Kills in this place as a percentage of kills in entire the game.
 B = Kills by you in this place as a percentage of kills by you in the entire game.
 C = Kills by friends in this place as a percentage of kills by friends in the entire game.
 D = Other kills in this place as a percentage of other kills in the entire game.
 E = Experience gained in this place as a percentage of experience gained in the entire game.
 F = Experience gained in this place divided by the number of levels of this place that you have seen.
                   A       B       C       D       E      F
               +-------+-------+-------+-------+-------+----------------------
         Total | 100.0 | 100.0 | 100.0 | 100.0 | 100.0 | 1537.5
       Dungeon | 100.0 | 100.0 | 100.0 | 100.0 | 100.0 | 1537.5
               +-------+-------+-------+-------+-------+----------------------

Vanquished Creatures
  2 death yaks (D:8)
  A hill giant (D:10)
  2 unseen horrors (D:10)
  An elephant (D:8)
  A polar bear (D:8)
  6 yaks
  A spriggan (D:9)
  A hippogriff (D:8)
  2 orc warriors
  An ice beast (D:8)
  A centaur (D:9)
  A phantom (D:7)
  3 sky beasts
  A necrophage (D:4)
  A crocodile (D:8)
  4 ogres
  An electric eel (D:8)
  A hill giant simulacrum (D:8)
  A big kobold (D:9)
  2 giant frogs
  An eye of draining (D:10)
  19 killer bees (D:9)
  2 hounds (D:7)
  2 goliath beetles (D:8)
  3 orc priests
  A centaur skeleton (D:4)
  9 orc wizards
  A yak simulacrum (D:8)
  3 iguanas
  5 sheep
  2 worker ants
  A scorpion zombie (D:5)
  9 adders
  4 gnolls (D:6)
  A shadow imp (D:8)
  A giant mite (D:8)
  2 white imps (D:8)
  A worm (D:3)
  An ufetubus (D:8)
  An orc skeleton (D:4)
  4 giant geckos
  25 orcs
  7 bats
  4 giant cockroaches
  5 goblins
  13 hobgoblins
  13 kobolds
  3 quokkas
  6 giant newts
  7 jackals
  A jackal simulacrum (D:8)
  A kobold simulacrum (D:8)
  An orc zombie (D:6)
  A quokka skeleton (D:4)
  12 rats
  A ballistomycete (D:8)
207 creatures vanquished.

Vanquished Creatures (collateral kills)
  Urug (D:10)
  2 hill giants
  Joseph (D:7)
  A queen bee (D:9)
  A polar bear (D:8)
  A yak (D:8)
  A deep elf mage (D:10)
  A hippogriff (D:7)
  A wolf (D:8)
  A black bear (D:9)
  5 orc warriors
  An ice beast (D:8)
  A centaur (D:8)
  Duvessa (D:7)
  2 scorpions
  6 killer bees (D:9)
  A jelly (D:9)
  A troll skeleton (D:8)
  An electric eel (D:8)
  A wyvern simulacrum (D:8)
  Dowan (D:7)
  A hound (D:7)
  3 orc priests
  A quasit (D:7)
  A two-headed ogre zombie (D:8)
  An iguana (D:8)
  7 orc wizards
  A worker ant (D:6)
  A killer bee zombie (D:9)
  4 adders
  A white imp (D:8)
  A worm (D:2)
  2 ufetubi (D:8)
  An adder skeleton (D:8)
  A giant gecko (D:8)
  An ooze (D:8)
  21 orcs
  A giant cockroach (D:2)
  4 hobgoblins
  3 jackals
  3 kobolds
  3 bats
  3 goblins
  2 rats
99 creatures vanquished.

Vanquished Creatures (others)
  4 flying skulls
  A hippogriff zombie (D:8)
  2 wights (D:10)
  An electric eel (D:8)
  3 yak zombies (D:10)
  A wolf zombie (D:8)
  7 killer bee zombies (D:9)
  2 mummies
  A worker ant zombie (D:10)
  A white imp (D:8)
  An iguana zombie (D:8)
  4 orc skeletons (D:10)
  A sheep zombie (D:8)
  An adder zombie (D:3)
  2 bat zombies
  2 giant gecko zombies
  A giant newt skeleton (D:7)
  A giant spore (D:8)
  A goblin zombie (D:3)
  A hobgoblin zombie (D:2)
  2 jackal zombies (D:3)
  A kobold zombie (D:9)
  4 orc zombies
  2 rat zombies (D:4)
  A ballistomycete (D:8)
48 creatures vanquished.

Grand Total: 354 creatures vanquished

Notes
Turn   | Place    | Note
--------------------------------------------------------------
     0 | D:1      | gw, the Deep Dwarf Death Knight, began the quest for the Orb.
     0 | D:1      | Reached XP level 1. HP: 19/19 MP: 2/2
     2 | D:1      | Noticed a human
     2 | D:1      | Noticed a troll
     4 | D:1      | Noticed an octopode
     4 | D:1      | Noticed a vine stalker
     6 | D:1      | Noticed a centaur
     6 | D:1      | Noticed a demigod
     8 | D:1      | Noticed a draconian
    10 | D:1      | Noticed a demonspawn
    12 | D:1      | Noticed an elf
    12 | D:1      | Noticed a ghoul
    14 | D:1      | Noticed a vampire
    16 | D:1      | Noticed a dwarf
    18 | D:1      | Noticed a naga
    20 | D:1      | Noticed an ogre
    20 | D:1      | Noticed a merfolk
    22 | D:1      | Noticed a minotaur
    22 | D:1      | Noticed a formicid
    24 | D:1      | Noticed a spriggan
    24 | D:1      | Noticed a gargoyle
    26 | D:1      | Noticed a felid
    26 | D:1      | Noticed a tengu
   370 | D:1      | Reached XP level 2. HP: 23/26 MP: 4/4
   766 | D:2      | Reached XP level 3. HP: 25/32 MP: 2/5
   825 | D:2      | Reached skill level 4 in Invocations
   838 | D:2      | Acquired Yredelemnul's second power
  1090 | D:2      | Found a glowing golden altar of the Shining One.
  1102 | D:2      | Reached XP level 4. HP: 14/40 MP: 7/7
  1827 | D:3      | Reached XP level 5. HP: 27/46 MP: 9/9
  1987 | D:3      | Acquired Yredelemnul's third power
  2353 | D:4      | Noticed an ogre
  2545 | D:4      | Reached XP level 6. HP: 40/56 MP: 11/11
  2549 | D:4      | Noticed a necrophage
  2564 | D:4      | Killed a necrophage
  2680 | D:4      | Killed an ogre
  2680 | D:4      | Reached skill level 5 in Maces & Flails
  2680 | D:4      | Reached skill level 5 in Invocations
  2797 | D:4      | Found a bloodstained altar of Trog.
  2876 | D:4      | Noticed an ogre
  2885 | D:4      | Killed an ogre
  2885 | D:4      | Reached XP level 7. HP: 33/62 MP: 13/13
  3105 | D:5      | Entered Level 5 of the Dungeon
  3416 | D:5      | Received a gift from Yredelemnul
  3481 | D:5      | Acquired Yredelemnul's fourth power
  3534 | D:5      | Found a glowing golden altar of the Shining One.
  4245 | D:6      | Found a radiant altar of Vehumet.
  4245 | D:6      | Found an ancient bone altar of Kikubaaqudgha.
  4554 | D:7      | Reached skill level 6 in Maces & Flails
  4648 | D:7      | Reached XP level 8. HP: 25/72 MP: 16/16
  4760 | D:7      | Found an iron altar of Okawaru.
  4762 | D:7      | Noticed Joseph
  4767 | D:7      | Found a shadowy altar of Dithmenos.
  4774 | D:7      | Killed Joseph
  4803 | D:7      | Found a staircase to the Ecumenical Temple.
  4804 | D:7      | Noticed Duvessa
  4805 | D:7      | Noticed Dowan
  4811 | D:7      | Killed Dowan
  4811 | D:7      | Reached skill level 5 in Armour
  4812 | D:7      | Killed Duvessa
  4826 | D:7      | Reached skill level 7 in Maces & Flails
  5274 | D:7      | Found a snail-covered altar of Cheibriados.
  5424 | D:8      | Noticed a polar bear
  5437 | D:8      | Killed a polar bear
  5437 | D:8      | Reached skill level 5 in Fighting
  5483 | D:8      | Gained mutation: You passively map the area around you. [level up]
  5483 | D:8      | Reached XP level 9. HP: 36/81 MP: 15/15
  5522 | D:8      | Received a gift from Yredelemnul
  5541 | D:8      | Noticed a polar bear
  5553 | D:8      | Killed a polar bear
  5553 | D:8      | Reached skill level 8 in Maces & Flails
  5752 | D:8      | Reached skill level 1 in Crossbows
  5777 | D:8      | Acquired Yredelemnul's fifth power
  5792 | D:8      | Found a staircase to the Lair.
  5792 | D:8      | Noticed a death yak
  5798 | D:8      | Noticed an elephant
  5833 | D:8      | Killed a death yak
  5833 | D:8      | Reached skill level 9 in Maces & Flails
  5843 | D:8      | Killed an elephant
  5957 | D:8      | Reached XP level 10. HP: 45/91 MP: 14/14
  6188 | D:8      | Received a gift from Yredelemnul
  6191 | D:8      | Noticed a death yak
  6237 | D:8      | Killed a death yak
  6238 | D:8      | HP: 4/91 [hill giant simulacrum (20)]
  6338 | D:8      | Gained mutation: You have large cloven feet. [potion of beneficial mutation]
  6365 | D:9      | Noticed a hill giant
  6378 | D:9      | Killed a hill giant
  6562 | D:9      | Reached skill level 10 in Maces & Flails
  6563 | D:9      | Received a gift from Yredelemnul
  6824 | D:9      | Received a gift from Yredelemnul
  6852 | D:9      | Found a bloodstained altar of Trog.
  6894 | D:9      | Found a shimmering altar of Xom.
  7057 | D:9      | Reached skill level 5 in Crossbows
  7199 | D:10     | Entered Level 10 of the Dungeon
  7227 | D:10     | Noticed a cyclops
  7233 | D:10     | Found Ypaorchu's Gadget Emporium.
  7233 | D:10     | Found Pnaicimp's Book Shoppe.
  7294 | D:10     | Reached XP level 11. HP: 45/100 MP: 0/10
  7344 | D:10     | Noticed a hill giant
  7348 | D:10     | Noticed Urug
  7353 | D:10     | Killed a hill giant
  7353 | D:10     | Reached skill level 10 in Invocations
  7368 | D:10     | Killed Urug
  7640 | D:10     | Killed an unseen horror
  7899 | D:10     | Killed an unseen horror
  7899 | D:10     | Reached skill level 11 in Maces & Flails
  7977 | D:10     | Your ally Urug died
  8041 | D:10     | Noticed a hill giant
  8055 | D:10     | Killed a hill giant
  8394 | D:10     | HP: 5/100 [something (2)]
  8397 | D:10     | Hit by a large rock thrown by a cyclops

Action                   |  1- 3 |  4- 6 |  7- 9 | 10-12 || total
-------------------------+-------+-------+-------+-------++-------
Melee: Mace              |   130 |    64 |       |       ||   194
       Flail             |       |   115 |   319 |   426 ||   860
 Fire: Hand crossbow     |       |       |    17 |    56 ||    73
Invok: Animate Remains   |    12 |    12 |       |       ||    24
       Animate Dead      |       |     7 |    21 |    20 ||    48
       Recall Undead Sla |       |     2 |     1 |     2 ||     5
       Drain Life        |       |       |     2 |     2 ||     4
 Abil: Device Recharging |       |       |     8 |    17 ||    25
Evoke: Wand              |       |     8 |    32 |    79 ||   119
  Use: Scroll            |     2 |     8 |     5 |     3 ||    18
       Potion            |     2 |     4 |     4 |     3 ||    13
 Stab: Distracted        |     1 |       |     1 |       ||     2
  Eat: Chunk             |     2 |     8 |    13 |     2 ||    25
       Bread ration      |       |       |       |     2 ||     2

Vault maps used:
D:1:      kb_arrival_jail
D:2:      overflow_temple_1_default
D:3:      minmay_crystal_room
D:4:      first_bread, trog_hazing_becter
D:5:      tso_metal_star
D:6:      gammafunk_temple_overflow_pools
D:7:      lemuel_coloured_pillars_altar, grunt_temple_overflow_open,
          temple_statues, uniq_duvessa, uniq_joseph
D:8:      david_lair_generic, serial_ice, serial_ice_a, serial_ice_n,
          serial_ice_f, serial_ice_j, serial_ice_h, serial_ice_e, serial_ice_c,
          serial_ice_m, serial_ice_d, serial_ice_b, grunt_ministairs_15
D:9:      overflow_temple_1_default, basic_altar, the_bakery
D:10:     serial_shops, shop, shop, nicolae_shop_behind_doors, shop,
          basic_altar, uniq_urug
